[Event "10th Cherry Blossom Classic 2023"]
[Site "Dulles"]
[Date "2023.05.25"]
[Round "1.18"]
[White "Slate, Kent"]
[Black "Zhukova, Natalia"]
[Result "1/2-1/2"]
[ECO "C09"]
[WhiteElo "1989"]
[BlackElo "2324"]
[Annotator "TA"]
[PlyCount "50"]
[EventDate "2023.05.24"]
[EventType "swiss"]
[EventCountry "USA"]
[SourceTitle "playchess.com"]
[Source "ChessBase"]
[SourceQuality "1"]
[TimeControl "5400+30"]

1. e4 e6 2. d4 d5 3. Nd2 c5 4. Ngf3 Nc6 5. exd5 exd5 6. Bb5 Qe7+ {[%emt 0:00:20] The modern move.} 7. Be2 Qc7 {[%emt 0:00:14] C09: French Tarrasch: 3...c5 4 exd5 exd5 5 Ngf3 Nc6.} 8. O-O Nf6 9. dxc5 Bxc5 {[%emt 0:00:18] The position is equal.} 10. c3 (10. Nb3 $5 Bb6 11. Bg5 $11) 10... Be6 11. Nb3 Bb6 12. Nbd4 (12. Nfd4 {seems wilder.} O-O 13. Bg5 Ne4 14. Be3) 12... O-O 13. h3 Rae8 14. Be3 {[%emt 0:06:00] [#]} a6 $146 ({Predecessor:} 14... Ne4 15. Re1 Qc8 16. Bf1 Bd7 17. Qb3 Be6 18. Rad1 Na5 19. Qc2 Nc4 20. Bxc4 Qxc4 {1-0 Rothebarth,A (2080)-Moraes,N (2244) Santarem Alter do Chao op 2017 (3)}) 15. Qb3 Bxh3 16. gxh3 Rxe3 $1 {[%emt 0:00:25][%mdl 64] [#] Remove Defender, Deflection} 17. fxe3 Qg3+ 18. Kh1 Bc7 19. Bd3 $1 {[%emt 0:08:41] Threatens to win with Bf5.} (19. Qxb7 $2 Qxh3+ 20. Kg1 Qg3+ 21. Kh1 Nxd4 $19) 19... Qxh3+ 20. Kg1 {[%emt 0:00:07] [#] And now Qc2 would win.} Qg3+ 21. Kh1 Qh3+ (21... Ng4 $5 22. Qc2 $8 (22. Qxd5 Qh3+ 23. Kg1 Bh2+ 24. Kh1 Bf4+ {[%mdl 64] Discovered Attack} 25. Kg1 Bxe3+) 22... Qh3+ 23. Kg1 (23. Nh2 $2 Nxd4 24. Qg2 Qh6 $19) 23... Nxe3 $11) 22. Kg1 {[%emt 0:00:06] Strongly threatening Qc2.} Nxd4 (22... Ng4 $5 23. Qc2 $8 (23. Qxd5 Bh2+ 24. Kh1 Bf4+ {[%mdl 64] Discovered Attack} 25. Kg1 Bxe3+) 23... Nxd4 24. cxd4 (24. Bxh7+ $2 Kh8 $19) 24... Nxe3 $11) 23. cxd4 {[%emt 0:04:41] Black must now prevent Qc2.} ({Of course not} 23. exd4 Qg4+ 24. Kh1 Qh5+ 25. Kg1 Re8 $17) 23... Qg3+ (23... Ng4 $5 24. Qc2 $8 (24. Qxd5 {is a self mate.} Bh2+ 25. Kh1 Bf4+ {[%mdl 64] Discovered Attack} 26. Kg1 Bxe3+) 24... Nxe3 $11) 24. Kh1 {[%emt 0:00:07] Bf5 is the strong threat.} Qh3+ (24... Ng4 $5 25. Qc2 $8 (25. Qxd5 Qh3+ 26. Kg1 Bh2+ 27. Kh1 Bf4+ {[%mdl 64] Discovered Attack} 28. Kg1 Bxe3+) 25... Qh3+ 26. Kg1 Nxe3 $11) 25. Kg1 {[%emt 0:00:05] Hoping for Qc2.} Qg3+ {[%emt 0:00:38] An uneventful encounter.   Weighted Error Value: White=0.06 (flawless) /Black=0.02 (flawless)} (25... Ng4 $5 26. Qc2 $8 (26. Qxd5 {gets mated.} Bh2+ 27. Kh1 Bf4+ {[%mdl 64] Discovered Attack} 28. Kg1 Bxe3+) 26... Nxe3 $11) 1/2-1/2

[Event "10th Cherry Blossom Classic 2023"]
[Site "Dulles"]
[Date "2023.05.25"]
[Round "1.19"]
[White "Sinha, Sahil"]
[Black "Diao, Matthew Guo"]
[Result "1-0"]
[ECO "E01"]
[WhiteElo "2317"]
[BlackElo "1973"]
[Annotator "TA"]
[PlyCount "73"]
[EventDate "2023.05.24"]
[EventType "swiss"]
[EventCountry "USA"]
[SourceTitle "playchess.com"]
[Source "ChessBase"]
[SourceQuality "1"]
[TimeControl "5400+30"]

1. d4 d5 2. c4 c6 3. Nf3 Nf6 4. Qc2 e6 5. g3 Nbd7 6. Bg2 Bd6 7. O-O O-O 8. Nbd2 Re8 9. Rd1 Qe7 10. e4 Nxe4 11. Nxe4 dxe4 12. Qxe4 e5 13. Re1 {[%emt 0:02:50] E01: Catalan: Early deviations.} Qf8 14. c5 (14. Ng5 Nf6 15. Qh4 exd4 16. Rxe8 Qxe8 $15) (14. Qc2 {seems wilder.} Bb4 15. Ng5 f5 16. Rd1) 14... Bc7 {[%emt 0:05:58] [#]} 15. Qe2 $146 {[%emt 0:05:16] The position is equal.} (15. Ng5 Nf6 16. Qd3 Rd8 $15) ({Predecessor:} 15. Qd3 exd4 16. Rxe8 Qxe8 17. Qxd4 a5 18. Bg5 Nf8 19. Qa4 Qe2 20. Bd2 Be6 21. Re1 Qc4 22. Qxc4 Bxc4 23. b3 Be6 24. Nd4 Bd8 25. Nxe6 {½-½ Gerbich,V (2450)-Evtushenko,S (2480) Karelin Memorial email 2011}) 15... Nf6 (15... e4 $142) 16. dxe5 $11 Bg4 17. Qc2 Nd7 ({Black should play} 17... Bxf3 $14 18. Bxf3 Bxe5) 18. Ng5 $16 g6 {[%emt 0:02:00] [#]} 19. e6 $1 $36 {[%emt 0:06:07][%mdl 2560] White is in control. White is more active.} fxe6 (19... Bxe6 20. Nxe6) 20. Qc4 h5 {[%emt 0:04:53] [#]} (20... Bf5 $16 {is a better defense.}) 21. h3 $1 $18 (21. Nxe6 $2 {loses.} Qf7 22. Qb4 Bxe6 $19) 21... Bf5 22. g4 (22. Nxe6 $2 Qf7 23. Bh6 Bxe6 $19) 22... Ne5 23. Rxe5 Bxe5 24. gxf5 Qxf5 (24... gxf5 {was necessary.} 25. Qe2 (25. Nxe6 $2 {is the wrong capture.} Qf7 $19) 25... Qg7 26. Qxh5 Re7) 25. Be3 Rad8 26. Re1 Kg7 27. Be4 Qf6 28. Bc2 {[%emt 0:01:51] A strong pair of Bishops.} Rd5 29. Qe4 Qf5 $2 (29... Bxb2 30. Qg2 Kh8) 30. Qb4 Qf6 31. Qxb7+ Re7 32. Qxc6 Bf4 33. Bxf4 {[%emt 0:00:34][%cal Rg5e6][%mdl 64] Deflection} Qxf4 34. Nxe6+ (34. Rxe6 {leads to mate.} Rxg5+ 35. Kf1 Qc4+ 36. Ke1 Rxe6+) 34... Rxe6 35. Qxe6 Rg5+ 36. Kf1 {[%emt 0:00:04] Threatening mate with Qd7+.} Qd2 37. Qe7+ {[%emt 0:00:21] White took control after the opening.   Weighted Error Value: White=0.11 (very precise) /Black=0.81} 1-0

[Event "10th Cherry Blossom Classic 2023"]
[Site "Dulles"]
[Date "2023.05.25"]
[Round "1.20"]
[White "Ling, Evan"]
[Black "Paul, Justin"]
[Result "1/2-1/2"]
[ECO "A50"]
[WhiteElo "1952"]
[BlackElo "2314"]
[Annotator "TA"]
[PlyCount "71"]
[EventDate "2023.05.24"]
[EventType "swiss"]
[EventCountry "USA"]
[SourceTitle "playchess.com"]
[Source "ChessBase"]
[SourceQuality "1"]
[TimeControl "5400+30"]

1. d4 Nf6 2. c4 e6 3. Bf4 d5 4. cxd5 exd5 5. e3 Bd6 6. Bxd6 {[%emt 0:00:07] A50: Queen's Fianchetto Defence (1 d4 Nf6 2 c4 b6).} Qxd6 7. Bd3 O-O 8. Nc3 Re8 9. h3 {[%emt 0:00:09] [#]} Nbd7 $146 ({Predecessor:} 9... c6 10. Qc2 Nbd7 11. Nf3 Nf8 12. O-O Ng6 13. Rab1 Bd7 14. b4 a6 15. Na4 Rad8 16. Nc5 Bc8 17. a4 Nd7 18. Bf5 Qf6 19. Bxd7 Bxd7 20. Nxd7 Rxd7 21. b5 axb5 22. axb5 h6 {1-0 Banusz,T (2611)-Materia,M (2409) Biel HTO 55th 2022 (5)}) 10. Qc2 {[%emt 0:00:18] With the idea Nb5.} c5 11. Nf3 c4 12. Bf5 (12. Be2 $11) 12... g6 $15 13. Bxd7 Bxd7 14. O-O b5 15. Ne5 Bf5 16. Qd2 ({But not} 16. Nxb5 $2 Qb4 17. Qe2 Qxb5 $19) 16... b4 17. Ne2 Ne4 18. Qe1 f6 19. Nf3 Rec8 20. Nd2 Ng5 21. Nf4 {[%emt 0:00:04] [#]} (21. Qc1 $142) 21... Ne6 ({Weaker is} 21... c3 22. bxc3 bxc3 23. Nb3 $11) ({Black should try} 21... a5 $1 22. f3 Rab8) 22. Nxe6 $17 Qxe6 {[%emt 0:00:42] White is weak on the light squares} 23. Qd1 a5 24. Re1 g5 25. a3 (25. e4 $15 dxe4 26. Nf1) 25... Rab8 {[%emt 0:05:55] Threatens to win with ...c3.} 26. axb4 axb4 27. Qa4 c3 28. bxc3 bxc3 29. Nb3 Bc2 (29... c2 $17 30. Nc5 Qc6 31. Qxc6 Rxc6) 30. Nc5 $1 $15 {[%emt 0:00:45][%mdl 64] [#] Discovered Attack} Bxa4 31. Nxe6 Rc4 32. Nc5 {[%emt 0:02:17] The position is equal.} Be8 33. Rec1 c2 {[%emt 0:07:07] ...Bg6 is the strong threat.} 34. Kf1 $1 f5 35. Ke2 f4 36. Kd2 {[%emt 0:00:24] Weighted Error Value: White=0.13 (very precise) /Black=0.10 (very precise)} 1/2-1/2

[Event "10th Cherry Blossom Classic 2023"]
[Site "Dulles"]
[Date "2023.05.25"]
[Round "1.21"]
[White "Marjanovic, Annamaria"]
[Black "Shoykhet, Benjamin"]
[Result "1/2-1/2"]
[ECO "E05"]
[WhiteElo "2273"]
[BlackElo "1919"]
[Annotator "TA"]
[PlyCount "71"]
[EventDate "2023.05.24"]
[EventType "swiss"]
[EventCountry "USA"]
[SourceTitle "playchess.com"]
[Source "ChessBase"]
[SourceQuality "1"]
[TimeControl "5400+30"]

1. d4 Nf6 2. c4 e6 3. g3 d5 4. Bg2 Be7 5. Nf3 O-O 6. O-O dxc4 7. Qc2 a6 8. a4 Bd7 9. Qxc4 Bc6 10. Bg5 Nbd7 11. Nc3 h6 12. Bxf6 {[%emt 0:06:11] E05: Open Catalan: 5 Nf3 Be7.} Nxf6 13. Ne5 Bxg2 14. Kxg2 {[%emt 0:00:09] The position is equal.} a5 15. e4 c6 16. Rfd1 Qb6 17. Rd2 Rad8 18. Rad1 Bb4 {[%emt 0:11:38] [#]} 19. f3 $146 ({Predecessor:} 19. Qe2 Qc7 20. f4 Nd7 21. Nd3 Nb6 22. Nxb4 axb4 23. Na2 Nxa4 24. Qc4 {0-1 Umansky,M (2468)-Begovac,F (2421) SUI-chT Switzerland 2002 (5.3)}) 19... Rd6 20. Rd3 Nd7 21. Ng4 {[%emt 0:07:37] Black must now prevent e5.} Qa7 (21... h5 {is more complex.} 22. Ne3 e5 23. Nf5 Rf6) 22. Na2 Nb6 23. Qb3 (23. Qc2 $5 ) 23... Rfd8 24. Ne3 R6d7 25. Nxb4 (25. Qc2 $5 ) 25... axb4 26. Qxb4 Nxa4 27. Ra3 b5 28. Nc2 ({Better is} 28. d5 $1 $11) 28... Qb7 $15 29. b3 {[%emt 0:06:19] [#]} (29. Ne3 $15) 29... c5 $1 $36 {[%emt 0:01:59][%mdl 2560] Black has strong initiative.} 30. Qa5 {[%emt 0:00:17] [#]} (30. Qe1 Nc3) 30... Nc3 {[%emt 0:03:15][%mdl 64] Decoy} 31. Rd3 (31. Qxc3 $17 {only move.} b4 32. Qxc5 (32. Nxb4 $2 cxb4 $19) 32... bxa3 {[%mdl 64] Discovered Attack} 33. Qxa3) 31... cxd4 $19 ({Not} 31... Nxe4 $2 32. Qa6 c4 33. Qxb7 Rxb7 34. Re3 $19) 32. Rxd4 Rxd4 33. Nxd4 Rxd4 (33... Qc8 $19 34. Qb4 Nd1) 34. Qxc3 $15 Qd7 35. Ra2 {[%emt 0:00:40] Prevents Rd2+} b4 (35... Rd3 $5 36. Qb4 f6 $15) 36. Qe1 {[%emt 0:02:37] Weighted Error Value: White=0.29 (precise) /Black=0.25 (precise)} (36. Qc5 $1 $11) 1/2-1/2

[Event "10th Cherry Blossom Classic 2023"]
[Site "Dulles"]
[Date "2023.05.25"]
[Round "1.22"]
[White "Vinod, Aarush"]
[Black "Tanenbaum, Zachary"]
[Result "1/2-1/2"]
[ECO "C24"]
[WhiteElo "1914"]
[BlackElo "2261"]
[Annotator "TA"]
[PlyCount "69"]
[EventDate "2023.05.24"]
[EventType "swiss"]
[EventCountry "USA"]
[SourceTitle "playchess.com"]
[Source "ChessBase"]
[SourceQuality "1"]
[TimeControl "5400+30"]

1. e4 e5 2. Bc4 Nf6 3. d3 c6 4. Nf3 d5 5. Bb3 Bb4+ 6. Bd2 {[%emt 0:01:03] C24: Bishop's Opening: 2...Nf6.} Bxd2+ 7. Qxd2 a5 {[%emt 0:00:05] Hoping for ...a4.} 8. a4 {[%emt 0:06:26] The position is equal.} (8. Nxe5 $2 {loses.} a4 9. Bxd5 cxd5 10. exd5 Nxd5 $19) 8... O-O 9. Nxe5 Qe7 {[%emt 0:00:19] [#]} 10. f4 $146 ({Predecessor:} 10. Qc3 dxe4 11. O-O Nbd7 12. Nxd7 Qxd7 13. Re1 exd3 14. cxd3 Rd8 15. Na3 Qc7 16. Qc5 {½-½ Oliynyk,V (2310)-Slyusar,V UKR-ch28 FL1 email 2015}) 10... dxe4 11. O-O exd3 12. Nxd3 Bf5 13. Re1 Qc7 14. Ne5 $1 Na6 15. Nc3 Qb6+ 16. Qe3 Qxe3+ 17. Rxe3 Nb4 18. Re2 Rae8 19. Rae1 Be6 20. Bxe6 Rxe6 21. Nc4 Nxc2 {[%emt 0:08:39][%mdl 64] Deflection} 22. Rxe6 fxe6 23. Rxe6 Nd5 24. Nxa5 Rxf4 25. Nxb7 {[%emt 0:00:00] aiming for a5.} Nde3 (25... Nxc3 $14 26. bxc3 Rxa4) 26. h3 $16 (26. Rxc6 $2 Rf1#) 26... Rf1+ 27. Kh2 Rf2 $2 (27... h5 $16 28. Nc5 (28. Rxc6 h4 $16) 28... h4) 28. Re8+ ({Worse is} 28. Rxc6 Rxg2+ 29. Kh1 Ne1 30. Rc8+ Kf7 31. Nd6+ Kg6 $11) (28. a5 $18) 28... Kf7 29. Nd6+ Kg6 30. Re6+ Kh5 {[%emt 0:00:01] [#]} 31. Re5+ $1 Kh6 32. Nce4 (32. a5 $16) 32... Rxg2+ $14 33. Kh1 {[%emt 0:00:01] Black must now prevent Nf5+.} Nd4 {[%emt 0:01:21] [#] Dodges Nf5+} (33... Re2 $1 $11 {and Black is okay.}) 34. Nf7+ $1 $18 Kg6 35. Nh8+ {[%emt 0:00:07] Weighted Error Value: White=0.12 (very precise) /Black=0.19 (very precise)} 1/2-1/2

[Event "10th Cherry Blossom Classic 2023"]
[Site "Dulles"]
[Date "2023.05.25"]
[Round "1.23"]
[White "Ouellet, Maili-Jade"]
[Black "Baim, Elvin"]
[Result "1-0"]
[ECO "D13"]
[WhiteElo "2246"]
[BlackElo "1728"]
[Annotator "TA"]
[PlyCount "65"]
[EventDate "2023.05.24"]
[EventType "swiss"]
[EventCountry "USA"]
[SourceTitle "playchess.com"]
[Source "ChessBase"]
[SourceQuality "1"]
[TimeControl "5400+30"]

1. d4 d5 2. c4 c6 3. Nf3 Nf6 4. Nc3 Nbd7 5. cxd5 cxd5 6. Bf4 a6 {[%emt 0:05:31] D13: Slav Defence: Exchange variation without ...Bf5.} 7. h3 e6 8. e3 Bb4 {[%emt 0:05:06] White is slightly better.} 9. Bd3 {[%emt 0:01:06] [#]} O-O $146 ({Predecessor:} 9... Ne4 10. Bxe4 dxe4 11. Nd2 f5 12. Qb3 Qb6 13. Nc4 Bxc3+ 14. Qxc3 Qc6 15. Nd6+ Ke7 {1-0 Ajrapetjan,Y (2490)-Chos,A (2268) Evpatoria 2008}) 10. O-O b5 11. Rc1 Bb7 12. Ne5 Rc8 13. Qb3 Qa5 14. Nb1 (14. a4 {seems wilder.} Bxc3 15. axb5 Bd2 16. Ra1) 14... Nxe5 15. Bxe5 Nd7 16. Bg3 (16. Bc7 $5 Rxc7 17. Rxc7 Qxc7 18. Qxb4 $14) 16... Be7 17. a3 h6 18. Rc2 Rxc2 19. Bxc2 Rc8 20. Qd3 {[%emt 0:00:44] White threatens Qh7+ and mate.} f5 21. Nd2 Nf6 (21... b4 $11) 22. f3 (22. b4 $1 $16 Qb6 23. Nb3) 22... b4 23. a4 Qb6 24. Bd1 a5 {[%emt 0:00:26] aiming for ...Ba6.} 25. Be2 Qc6 26. Nb3 $1 Qb6 ({Black should try} 26... Bd8) 27. Qb5 $1 $16 Bd8 28. Nc5 Bc6 29. Qd3 {[%emt 0:00:59] White has more active pieces.} ({Better is} 29. Qxb6 $16 {Qa6 would be deadly.} Bxb6 30. Rc1 (30. Nxe6 Bxa4 31. Nc5 Bxc5 $11)) 29... Ba8 $2 {[%emt 0:00:43] [#] This move loses the game for Black.} (29... Kf7 $14) 30. Qa6 $1 $18 {[%emt 0:04:07] White is clearly better.} Qxa6 31. Bxa6 Rc6 32. Bb5 Rb6 {[%emt 0:00:04] [#]} 33. Rc1 $1 {[%emt 0:01:36] Weighted Error Value: White=0.13 (very precise) /Black=0.23 (precise)} 1-0